 Dungeon Crawl Stone Soup version 0.28.0-53-g5a82cb258f (webtiles) character file.

Game seed: 1292411676206682883

30 SanguineChosen the Shield-Bearer (level 3, -1/24 HPs)
             Began as a Gargoyle Fighter on July 15, 2022.
             Slain by a goblin
             ... wielding a +0 club
             ... led by Robin
              (6 damage)
             ... on level 2 of the Dungeon.
             The game lasted 00:01:59 (1447 turns).

SanguineChosen the Shield-Bearer (Gargoyle Fighter) Turns: 1447, Time: 00:01:59

Health: -1/24      AC: 10    Str: 21    XL:     3   Next: 20%
Magic:  3/3        EV:  9    Int:  8    God:
Gold:   81         SH:  4    Dex:  9    Spells: 2/2 levels left

rFire   . . .      SeeInvis .   a - +0 flail
rCold   . . .      Faith    .   c - +0 buckler
rNeg    + . .      Spirit   .   b - +0 scale mail
rPois   ∞          Reflect  .   (no helmet)
rElec   +          Harm     .   (no cloak)
rCorr   .          Rampage  .   (no gloves)
Will    .....                   (no boots)
Stlth   ..........              (no amulet)
HPRegen 0.08/turn               (no ring)
MPRegen 0.08/turn               (no ring)

@: mighty
A: sickness immunity, AC +3, negative energy resistance 1, electricity
resistance, torment resistance 1, petrification resistance
a: no special abilities


You were on level 2 of the Dungeon.
You visited 1 branch of the dungeon, and saw 2 of its levels.

You collected 81 gold pieces.

Inventory:

Hand Weapons
 a - a +0 flail (weapon)
Armour
 b - a +0 scale mail (worn)
 c - a +0 buckler (worn)
Jewellery
 i - a +4 ring of evasion
Scrolls
 e - a scroll of enchant weapon {unknown}
 f - a scroll of amnesia {unknown}
 h - a scroll of immolation {unknown}
 j - a scroll of identify {unknown}
Potions
 g - a potion of brilliance {unknown}


   Skills:
 + Level 3.7 Fighting
 + Level 2.3 Maces & Flails
 + Level 3.6 Armour
 + Level 0.1 Dodging
 + Level 3.7 Shields


You had 2 spell levels left.
You didn't know any spells.
Your spell library was empty.

Dungeon Overview and Level Annotations

Branches:
Dungeon (2/15)

Altars:

Annotations:
D:2 Robin


Innate Abilities, Weirdness & Mutations

You are immune to sickness and miasma.
Your stone body is resilient. (AC +3)
You are immune to poison.
You resist negative energy. (rN+)
You are resistant to electric shocks. (rElec)
You are resistant to unholy torment.
You are immune to petrification.


Message History

You closely miss the hobgoblin.
The hobgoblin is almost dead.
The goblin misses you. You block the goblin's attack.
The hobgoblin hits you but does no damage.
You bludgeon the hobgoblin!!
You kill the hobgoblin!
You block the goblin's attack. The goblin barely misses you.
The goblin closely misses you.
You closely miss the hobgoblin. The goblin closely misses you.
The hobgoblin completely misses you. The goblin hits you with a +0 dagger.
The goblin hits you but does no damage. Robin throws the goblin at you!
You block the goblin's attack.
You barely miss the hobgoblin. You block the hobgoblin's attack.
The goblin hits you but does no damage. x3
The hobgoblin hits you but does no damage.
You sock the hobgoblin!
You kill the hobgoblin!
You block the goblin's attack. The goblin completely misses you.
The goblin misses you. The goblin hits you but does no damage.
You completely miss the goblin. The goblin hits you but does no damage.
The goblin closely misses you.
Robin roars a battlecry!
The goblins go into a battle-frenzy!
The goblin hits you with a +0 dagger. The goblin completely misses you.
You block the goblin's attack.
The goblin hits you but does no damage. x2
You closely miss the goblin. You block the goblin's attack. x2
The goblin closely misses you. The goblin barely misses you.
You closely miss the goblin. The goblin hits you with a +0 dagger.
The goblin hits you but does no damage. The goblin completely misses you.
The goblin hits you with a +0 dagger. The goblin barely misses you.
You sock the goblin!
You kill the goblin!
The goblin hits you with a +0 club.
* * * LOW HITPOINT WARNING * * *
The goblin hits you with a +0 dagger.
* * * LOW HITPOINT WARNING * * *
The goblin hits you but does no damage. The goblin hits you with a +0 club.
* * * LOW HITPOINT WARNING * * *
The goblin hits you but does no damage. The goblin hits you with a +0 club.
You die...

#.......#
#.##
####.####
#... #.# ###.
#.### #.
#...# #.
#...# #.
###...# #<
#...g#####...
#.
#...g@gggg...
#.
#...g########
#. ##.#.# #.
#.#.# #.
#.#.# #.
#$#.# #.
#.#># #.


You could see Robin, 2 hobgoblins and 4 goblins.

Vanquished Creatures
  2 dart slugs (D:1)
  A ball python (D:1)
  3 endoplasms (D:1)
  4 goblins
  6 hobgoblins
  A quokka (D:1)
  3 bats
  A frilled lizard (D:1)
  3 rats (D:1)
24 creatures vanquished.

Notes
Turn   | Place    | Note
-------+----------+-------------------------------------------
     0 | D:1      | SanguineChosen the Gargoyle Fighter began the quest for the
                  | Orb.
     0 | D:1      | Reached XP level 1. HP: 14/14 MP: 1/1
   516 | D:1      | Reached XP level 2. HP: 17/19 MP: 2/2
  1189 | D:1      | Reached XP level 3. HP: 24/24 MP: 3/3
  1436 | D:2      | Noticed Robin
  1447 | D:2      | Slain by a goblin

Illustrated notes

Levels and vault maps discovered:
D:1:      mrwooster_arrival_arrow, layout_loops_corners
D:2:      layout_loops_cross, hangedman_abyss_or_decor_lesser_grid, uniq_robin

Action                   || total
-------------------------++-------
Melee: Flail             ||    84
  Use: Potion            ||     1
Armor: Scale mail        ||    51
Dodge: Dodged            ||    63
Block: Buckler           ||    26
